 Dungeon Crawl Stone Soup version 0.26-a0-661-g406de6ba63 (webtiles) character file.

Game seed: 7578002146318500773

5940 tacoguy the Destroyer (level 10, -3/75 HPs)
             Began as a Demigod Conjurer on Oct 8, 2020.
             Slain by a yak (11 damage)
             ... on level 1 of the Lair of Beasts.
             The game lasted 00:47:19 (12163 turns).

tacoguy the Destroyer (Demigod Conjurer)           Turns: 12163, Time: 00:47:20

Health: -3/75      AC:  7    Str: 10    XL:     10   Next: 29%
Magic:  4/28       EV: 12    Int: 28    God:
Gold:   346        SH:  0    Dex: 14    Spells: 4/28 levels left

rFire    . . .     SeeInvis +   i - +3 dagger (chaos)
rCold    . . .     Faith    .   (no shield)
rNeg     . . .     Spirit   .   a - +0 robe
rPois    .         Reflect  .   (helmet restricted)
rElec    .         Harm     .   (no cloak)
rCorr    .         Rampage  .   (no gloves)
MR       +....                  e - +2 pair of boots {Stlth+}
Stlth    +++.......             (no amulet)
HPRegen  0.22/turn              D - ring of see invisible
MPRegen  0.21/turn              B - ring of wizardry

@: about to teleport
A: antennae 1, fangs 1, hooves 1, thin metallic scales 1, high mp 1, robust 1
a: no special abilities


You were on level 1 of the Lair of Beasts.
You visited 2 branches of the dungeon, and saw 10 of its levels.
You also visited: Ossuary.

You collected 506 gold pieces.
You spent 160 gold pieces at shops.

Inventory:

Hand Weapons
 i - a +3 dagger of chaos (weapon)
Armour
 a - a +0 robe (worn)
 e - a +2 pair of boots of stealth (worn)
 q - a +0 helmet
Jewellery
 B - a ring of wizardry (right hand)
 D - a ring of see invisible (left hand)
Wands
 d - a wand of enslavement (10)
 m - a wand of acid (18)
 z - a wand of iceblast (19)
Scrolls
 b - 2 scrolls of enchant weapon {unknown}
 c - 3 scrolls of amnesia
 h - 3 scrolls of fog
 l - 2 scrolls of blinking {unknown}
 r - 4 scrolls of remove curse
 s - a scroll of immolation {unknown}
 t - 2 scrolls of magic mapping {unknown}
 u - a scroll of fear {unknown}
 y - 5 scrolls of identify
 C - a scroll of summoning {unknown}
 E - a scroll of holy word {unknown}
Potions
 g - 2 potions of curing
 j - a potion of cancellation {unknown}
 k - 3 potions of stabbing
 n - a potion of berserk rage {unknown}
 o - 2 potions of flight
 p - 3 potions of might {unknown}
 v - 4 potions of haste {unknown}
 x - 2 potions of resistance
 A - a potion of ambrosia {unknown}


   Skills:
 - Level 1.7 Dodging
 - Level 1.7 Stealth
 + Level 9.7 Spellcasting
 + Level 10.9 Conjurations


You had 4 spell levels left.
You knew the following spells:

 Your Spells              Type           Power        Failure   Level
a - Magic Dart            Conj           ####         1%          1
b - Searing Ray           Conj           ######       1%          2
c - Fulminant Prism       Conj/Hex       #####.....   1%          4
d - Iskenderun's Mystic   Conj/Tloc      #####...     1%          4
e - Call Imp              Summ           ##......     2%          2
f - Call Canine Familiar  Summ           ##......     4%          3
g - Summon Ice Beast      Ice/Summ       ##......     16%         4
h - Summon Lightning Spi  Summ/Air       ##......     16%         4

Your spell library contained the following spells:

 Spells                   Type           Power        Failure   Level
 Animate Skeleton         Necr           ##....       1%          1
 Apportation              Tloc           ##....       1%          1
 Corona                   Hex            ##.....      1%          1
 Summon Small Mammal      Summ           ##..         1%          1
 Dazzling Flash           Conj/Hex       #####.       1%          3
 Summon Guardian Golem    Hex/Summ       ##......     4%          3


Dungeon Overview and Level Annotations

Branches:
Dungeon (9/15)             Temple (0/1) D:4            Lair (1/6) D:9
Ossuary (visited)
    Orc: D:9-12

Shops:
D:4 !

Annotations:
Lair:1 Sonja


Innate Abilities, Weirdness & Mutations

You have an increased reservoir of magic. (+10% MP)
You have a pair of small antennae on your head.
You have very sharp teeth.
You have large cloven feet.
You are partially covered in thin metallic scales. (AC +2)
You are robust. (+10% HP)


Message History

Sonja hits you but does no damage.
You are more poisoned.
Sonja hits you but does no damage.
You are lethally poisoned!
The yak closely misses you.
You feel better.
The water moccasin hisses angrily.
Sonja hits you but does no damage.
You are poisoned.
Sonja hits you with a +2 dagger of venom!
You are more poisoned.
Sonja hits you but does no damage.
You are lethally poisoned!
Sonja gestures wildly while chanting.
Sonja blinks!
The yak gores you. The yak gores you!
* * * LOW HITPOINT WARNING * * *
You feel better. The yak gores you!
* * * LOW HITPOINT WARNING * * *
The yak gores you!
You die...

...........................
............................
####.#......................
###.#.....##.#####.....##.#.
....##....#.......#....##.#
....++....P.....K.#.....#
....##...........S.....##
....##....#....Y§Y#....#
....##..........@.#{...#
+#..##....#.......#S...#
+.###.....#.......#....#
..........#.#+..###......
..........................
.....♣.≈.......... .......
.... ..... .... ...... P###


You could see 2 yaks, Sonja and a water moccasin.

Vanquished Creatures
  Joseph (D:9)
  Psyche (D:8)
  A cane toad (Lair:1)
  Menkaure (D:7)
  3 wargs (D:9)
  4 ice beasts
  7 orc warriors
  2 sky beasts
  A black bear (D:6)
  A hornet zombie (D:9)
  A phantom (D:6)
  3 ogres
  A centaur (D:9)
  Blork the orc (D:9)
  3 elf zombies (Ossuary)
  A big kobold (D:7)
  2 bullfrogs (D:8)
  2 gnoll sergeants (D:9)
  A wyvern skeleton (D:9)
  2 scorpions
  A wight (D:9)
  6 killer bees (D:9)
  2 electric eels (D:7)
  2 human zombies (Ossuary)
  A centaur zombie (Ossuary)
  3 hounds
  2 jellies
  7 orc priests
  16 orc wizards
  A bullfrog skeleton (D:7)
  An iguana (D:5)
  Terence (D:2)
  7 worker ants
  A big kobold zombie (Ossuary)
  A hound zombie (D:9)
  3 mummies (Ossuary)
  A worker ant zombie (D:5)
  4 gnolls (D:6)
  2 howler monkey skeletons
  9 adders
  8 white imps
  5 adder zombies
  2 worms
  2 dart slugs
  7 leopard geckos
  29 orcs
  5 giant cockroaches
  A gnoll zombie (Ossuary)
  8 goblins
  7 hobgoblins
  2 quokkas (D:2)
  A ball python (D:2)
  A ball python zombie (D:6)
  10 bats
  A frilled lizard (D:2)
  3 goblin zombies (Ossuary)
  2 hobgoblin zombies (Ossuary)
  2 jackal zombies (Ossuary)
  14 kobolds
  4 kobold zombies (Ossuary)
  2 leopard gecko zombies
  2 orc zombies (Ossuary)
  A quokka skeleton (D:3)
  2 quokka zombies (Ossuary)
  10 rats
  5 rat zombies (Ossuary)
  2 butterflies (D:4)
248 creatures vanquished.

Vanquished Creatures (collateral kills)
  2 yaks (Lair:1)
  A bullfrog (Lair:1)
3 creatures vanquished.

Vanquished Creatures (others)
  48 fulminant prisms
  A fungus (Lair:1)
  A plant (D:9)
50 creatures vanquished.

Grand Total: 301 creatures vanquished

Notes
Turn   | Place    | Note
-------+----------+-------------------------------------------
     0 | D:1      | tacoguy the Demigod Conjurer began the quest for the Orb.
     0 | D:1      | Reached XP level 1. HP: 14/14 MP: 5/5
   295 | D:1      | Reached XP level 2. HP: 20/20 MP: 2/7
   347 | D:1      | Learned a level 2 spell: Searing Ray
   584 | D:1      | Reached skill level 4 in Conjurations
  1161 | D:2      | Found a broken altar of Ashenzari.
  1196 | D:2      | Reached XP level 3. HP: 26/26 MP: 7/9
  1518 | D:2      | Found an ancient bone altar of Kikubaaqudgha.
  1654 | D:2      | Noticed Terence
  1698 | D:2      | Killed Terence
  1962 | D:2      | Found a snail-covered altar of Cheibriados.
  1990 | D:2      | Reached XP level 4. HP: 33/33 MP: 6/11
  2234 | D:2      | Found an iron altar of Okawaru.
  2771 | D:3      | Reached skill level 5 in Conjurations
  2771 | D:3      | Reached XP level 5. HP: 38/38 MP: 7/13
  2833 | D:3      | Found an iron altar of Okawaru.
  2890 | D:3      | Found a hide-covered altar of Uskayaw.
  3570 | D:4      | Found a staircase to the Ecumenical Temple.
  3590 | D:4      | Found Kohohypt's Distillery.
  3739 | D:4      | Reached XP level 6. HP: 45/45 MP: 6/15
  4087 | D:4      | Bought a potion of curing for 30 gold pieces
  4087 | D:4      | Bought a potion of heal wounds for 50 gold pieces
  4087 | D:4      | Bought a potion of mutation for 80 gold pieces
  4087 | D:4      | Gained mutation: You evolve. [potion of mutation]
  4087 | D:4      | Gained mutation: You are robust. (+10% HP) [potion of
                  | mutation]
  4087 | D:4      | Gained mutation: You have very sharp teeth. [potion of
                  | mutation]
  4129 | D:5      | Entered Level 5 of the Dungeon
  4185 | D:5      | Learned a level 4 spell: Fulminant Prism
  4327 | D:5      | Learned a level 4 spell: Iskenderun's Mystic Blast
  4338 | D:5      | Reached skill level 6 in Conjurations
  4346 | D:5      | Gained mutation: You have a pair of small antennae on your
                  | head. [evolution]
  4771 | D:5      | Reached XP level 7. HP: 55/55 MP: 10/17
  4840 | D:5      | Reached skill level 5 in Spellcasting
  6018 | D:6      | Reached skill level 7 in Conjurations
  6024 | D:6      | Found a shimmering blue altar of Sif Muna.
  6024 | D:6      | Found an ornate altar of the Wu Jian Council.
  6150 | D:6      | Reached XP level 8. HP: 61/62 MP: 3/20
  6424 | D:7      | Noticed Menkaure
  6430 | D:7      | Killed Menkaure
  6827 | D:7      | Gained mutation: You have large cloven feet. [evolution]
  6971 | D:7      | Reached skill level 8 in Conjurations
  7764 | D:8      | Noticed Psyche
  7770 | D:8      | Killed Psyche
  7780 | D:8      | Reached XP level 9. HP: 44/68 MP: 2/24
  7780 | D:8      | Reached skill level 9 in Conjurations
  8105 | D:8      | Gained mutation: You are partially covered in thin metallic
                  | scales. (AC +2) [evolution]
  8105 | D:8      | Lost mutation: You evolve. [end of evolution]
  8109 | D:8      | Found a sand-covered staircase.
  8117 | Ossuary  | Entered an ossuary
  9006 | D:8      | Found a blossoming altar of Fedhas.
  9009 | D:8      | Found a sparkling altar of Nemelex Xobeh.
  9208 | D:8      | Found a bloodstained altar of Trog.
  9400 | D:9      | Noticed Blork the orc
  9405 | D:9      | Killed Blork the orc
  9818 | D:9      | Reached skill level 10 in Conjurations
 10624 | D:9      | Reached XP level 10. HP: 75/75 MP: 12/27
 10771 | D:9      | Found a staircase to the Lair.
 10994 | D:9      | Noticed Joseph
 11071 | D:9      | Killed Joseph
 11948 | D:9      | Learned a level 2 spell: Call Imp
 11952 | D:9      | Learned a level 3 spell: Call Canine Familiar
 11957 | D:9      | Learned a level 4 spell: Summon Ice Beast
 11962 | D:9      | Learned a level 4 spell: Summon Lightning Spire
 11963 | Lair:1   | Entered Level 1 of the Lair of Beasts
 12124 | Lair:1   | Noticed Sonja
 12163 | Lair:1   | Slain by a yak

Illustrated notes

Levels and vault maps discovered:
D:1:      enne_arrival_octagon_isle, layout_loops_cross
D:2:      layout_basic, nicolae_overflow_quartered_altars, uniq_terence
D:3:      layout_rooms, eat_drink_and_be_merry_uskayaw,
          minmay_misc_feat_more_columns, okawaru_trees_2
D:4:      layout_rooms, minmay_temple_entry_butterflies, serial_shops, shop
D:5:      layout_basic, gup_sewer_entry_spiral, chequers_garden
D:6:      layout_basic, minitemple, hex_tiny
D:7:      layout_cave_pods, minmay_misc_feat_enclosed, fountainhead,
          uniq_menkaure
D:8:      layout_basic, nicolae_overflow_hidden_temple,
          nicolae_ossuary_entry_plus, uniq_psyche
D:9:      layout_basic, erik_lair_orcish_takeover, sword_in_stone, uniq_joseph
Lair:1:   layout_regular_city, serial_bayou_pond_d, grunt_megastairs_5,
          uniq_sonja

Skill      XL: |  1  2  3  4  5  6  7  8  9 |
---------------+----------------------------+-----
Spellcasting   | 2 3 4 6 7 9 |  9.7
Conjurations   | 4 5 6 7 8 10 | 10.9
Dodging        | |  1.7
Stealth        | |  1.7

Action                   |  1- 3 |  4- 6 |  7- 9 | 10-12 || total
-------------------------+-------+-------+-------+-------++-------
Melee: Dagger            |    12 |    14 |    55 |     1 ||    82
       Bite              |       |       |     5 |       ||     5
 Cast: Magic Dart        |    68 |    79 |   141 |    20 ||   308
       Searing Ray       |     5 |    23 |    60 |     8 ||    96
       Fulminant Prism   |       |       |    34 |    14 ||    48
       Iskenderun's Myst |       |       |    13 |     1 ||    14
       Call Imp          |       |       |       |     7 ||     7
       Summon Ice Beast  |       |       |       |     4 ||     4
       Call Canine Famil |       |       |       |     3 ||     3
       Summon Lightning  |       |       |       |     1 ||     1
Evoke: Wand              |       |       |       |     1 ||     1
  Use: Scroll            |       |     7 |     7 |     1 ||    15
       Potion            |       |     2 |     2 |     7 ||    11
Armor: Robe              |     6 |    20 |    27 |    11 ||    64
Dodge: Dodged            |     7 |    57 |    56 |    20 ||   140

Table legend: (Time is in decaauts)
 A = Elapsed time spent in this place.
 B = Non-inter-level travel time spent in this place.
 C = Inter-level travel time spent in this place.
 D = Time resting spent in this place.
 E = Time spent auto-exploring this place.
 F = Levels seen in this place.
 G = Mean time per level.
                   A        B        C        D        E       F      G
               +--------+--------+--------+--------+--------+-----+--------+
         Total |  12251 |  11776 |    475 |   5488 |   4427 |  11 | 1113.7 |
       Dungeon |  11214 |  10739 |    475 |   5034 |   4344 |   9 | 1246.0 |
          Lair |    211 |    211 |      0 |     91 |     56 |   1 |  211.0 |
       Ossuary |    825 |    825 |      0 |    363 |     27 |   1 |  825.0 |
               +--------+--------+--------+--------+--------+-----+--------+

Top non-repeatable levels by time:
     D:9: 2074 daAuts
     D:2: 1644 daAuts
     D:7: 1370 daAuts
     D:5: 1301 daAuts
     D:8: 1300 daAuts
     D:1: 1083 daAuts
     D:6: 1036 daAuts
 Ossuary: 825 daAuts
     D:4: 804 daAuts
     D:3: 598 daAuts
  Lair:1: 211 daAuts
